cohdb
Replays
Latest Replays
All Replays
Popular Replays
Top Player Replays
Match Explorer
How It Works
Community
CoH3 Stats
Reddit
Sign in to upload your games and track your stats! →
Sign in with Steam
Match 44289480
Unlisted
Match 44289480
Overview
Messages
Build Orders
End
Construct Barracks
Selects Armored Battlegroup
Riflemen Squad
Selects Veteran Crews
Riflemen Squad
Riflemen Squad
Riflemen Squad
Grenade Package
Selects Fast Deploy
Mechanized Support Center
Engineer Squad
Mortar Pit
Mortar Pit
.30 cal Machine Gun
Construct Tank Depot
Selects Seek and Destroy
Selects UNKNOWN (2160077)
M4A3E8 Sherman Easy Eight
Designate Forward Repair Station
Mortar Pit
Engineer Squad
Engineer Squad
Selects M31 Recovery Vehicle
Selects War Machine
M4A3E8 Sherman Easy Eight
ZEX668
KSA
媛桌骑士0d00
1505884205
1º Fallschirm Pz Div ✠
Sir Toady
Valar[M]orgHulis
nightukrainee
0
0
Comments
sign in to comment!
No comments posted yet!